AoeStats
← demballs

Socotra

504774698Analyzed
3v3 RM · 24d ago on Sep 6, 2026· 36m 30s· 6 players
Game mode
Random Map
Map size
128×128
Population
200
Speed
Normal
Resources
Standard
Victory
Conquest
Starting age
Dark Age
Ending age
Imperial Age
RankedLock teamsTeams togetherTeam positionsShared explorationLock speedFull tech treeHidden civsTurbo modeCheats
Victory
Defeat
🇫🇮 Teutons · Finland
982
+15
🇫🇮 Slavs · Finland
966
+16
🇫🇮 Franks · Finland
937
+17
🇩🇪 Mongols · Germany
1084
-21
🇩🇪 Georgians · Germany
909
-14
🇩🇪 Armenians · Germany
893
-13
demballs
7:13 Loom
9:16 Feudal Age
10:25 Double-Bit Axe
10:31 Horse Collar
16:08 Forging
19:56 Wheelbarrow
19:50 Bloodlines
19:59 Scale Barding Armor
22:54 Castle Age
21:17 Bloodlines
24:11 Chain Barding Armor
26:57 Man-at-Arms
29:51 Iron Casting
29:20 Husbandry
31:03 Bow Saw
34:23 Heavy Plow
Sermero
11:40 Feudal Age
13:33 Wheelbarrow
15:31 Double-Bit Axe
21:54 Stone Mining
24:17 Castle Age
23:21 Scale Barding Armor
23:27 Forging
26:15 Scale Mail Armor
26:22 Pikeman
30:32 Squires
30:31 Fletching
30:43 Fletching
30:54 Padded Archer Armor
31:48 Husbandry
31:56 Gold Mining
33:11 Chain Barding Armor
35:57 Iron Casting
35:40 Leather Archer Armor
36:01 Chain Mail Armor
36:13 Bodkin Arrow
36:44 Bow Saw
Onkivalammas
10:16 Loom
12:08 Feudal Age
13:47 Wheelbarrow
13:01 Double-Bit Axe
13:56 Man-at-Arms
15:34 Horse Collar
17:21 Scale Barding Armor
17:18 Scale Mail Armor
17:29 Forging
19:02 Bloodlines
26:14 Castle Age
25:39 Gold Mining
25:45 Stone Mining
27:50 Chain Barding Armor
27:45 Chain Mail Armor
29:26 Iron Casting
30:08 Squires
29:31 Long Swordsman
30:24 Gold Mining
30:29 Stone Mining
32:07 Hand Cart
35:14 Pikeman
36:47 Stone Shaft Mining
36:15 Gambesons
Afrobrook
11:13 Feudal Age
12:05 Loom
24:06 Castle Age
23:19 Double-Bit Axe
23:24 Horse Collar
24:18 Gold Mining
25:08 Bow Saw
25:44 Pikeman
Benninator
5:47 Loom
16:20 Feudal Age
17:13 Double-Bit Axe
17:13 Horse Collar
17:50 Man-at-Arms
19:10 Scale Mail Armor
19:57 Long Swordsman
20:53 Forging
21:20 Pikeman
21:54 Arson
24:52 Fletching
30:07 Castle Age
32:14 Two-Handed Swordsman
32:44 Gambesons
osmanaktas6858
2:40 Loom
10:22 Feudal Age
10:58 Double-Bit Axe
11:47 Man-at-Arms
25:19 Horse Collar
26:21 Stone Mining
30:40 Castle Age
30:23 Scale Mail Armor
30:45 Pikeman
31:26 Squires
Connection lost

Rejoining the realm…

Still unreachable

The connection could not be restored.

Session expired

The server has moved on; the page needs a fresh start.